 Dungeon Crawl Stone Soup version 0.25.1-2-g60ff931df9 (webtiles) character file.

Game seed: 145239435359660083

938 1994 the Cleaver (level 7, -7/62 HPs)
             Began as a Minotaur Gladiator on Oct 14, 2020.
             Mangled by a vampire (9 damage)
             ... on level 6 of the Dungeon.
             The game lasted 00:13:26 (5668 turns).

1994 the Cleaver (Minotaur Gladiator)               Turns: 5668, Time: 00:13:26

Health: -7/62      AC: 10    Str: 19    XL:     7   Next: 87%
Magic:  6/6        EV: 12    Int:  5    God:
Gold:   309        SH:  0    Dex: 13    Spells: 6/6 levels left

rFire    . . .     SeeInvis .   a - +0 war axe
rCold    + . .     Gourm    .   (no shield)
rNeg     . . .     Faith    .   q - +0 ring mail
rPois    .         Spirit   .   c - +1 hat
rElec    .         Reflect  .   (no cloak)
rCorr    .         Harm     .   G - +2 pair of gloves
MR       .....                  (no boots)
Stlth    +.........             (no amulet)
HPRegen  0.20/turn              t - ring of protection from cold
MPRegen  0.10/turn              (no ring)

@: no status effects
A: retaliatory headbutt, horns 2
a: no special abilities


You were on level 6 of the Dungeon.
You were not hungry.

You visited 2 branches of the dungeon, and saw 7 of its levels.
You also visited: Sewer.

You collected 309 gold pieces.

Inventory:

Hand Weapons
 a - a +0 war axe (weapon)
 s - a cursed +0 hunting sling
Missiles
 d - 5 throwing nets
 h - 16 poisoned darts (quivered)
 i - 118 stones
 w - 3 curare-tipped darts
 y - 12 sling bullets
Armour
 c - a +1 hat (worn)
 q - a +0 ring mail (worn)
 A - a +0 chain mail
 G - a +2 pair of gloves (worn)
 I - a +0 plate armour
Jewellery
 t - a ring of protection from cold (left hand)
 H - an uncursed amulet of regeneration {unknown}
Wands
 B - a wand of acid (10)
 C - a wand of iceblast (13)
Scrolls
 b - 2 scrolls of immolation {unknown}
 j - 3 scrolls of fear
 l - 2 scrolls of amnesia {unknown}
 m - 3 scrolls of remove curse
 n - a scroll of blinking {unknown}
 v - a scroll of enchant weapon {unknown}
 z - a scroll of enchant armour
 D - a scroll of teleportation {unknown}
 J - a scroll of fog {unknown}
Potions
 e - 4 potions of might
 g - 2 potions of berserk rage {unknown}
 k - 2 potions of brilliance {unknown}
 o - a potion of lignification {unknown}
 p - 3 potions of flight
 r - a potion of degeneration {unknown}
 u - 2 potions of invisibility {unknown}
 x - 4 potions of curing
 E - 3 potions of magic
 F - 2 potions of haste {unknown}
Comestibles
 f - 13 rations


   Skills:
 - Level 5.7 Fighting
 - Level 8.4 Axes
 - Level 2.0 Throwing
 * Level 5.5 Armour
 - Level 3.2 Dodging


You had 6 spell levels left.
You didn't know any spells.
Your spell library was empty.

Dungeon Overview and Level Annotations

Branches:
Dungeon (6/15)             Temple (1/1) D:4           Sewer (visited)

Altars:
Ashenzari
Cheibriados
Dithmenos
Elyvilon
Fedhas
Gozag
Hepliaklqana
Kikubaaqudgha
Nemelex Xobeh
Okawaru
Qazlal
Ru
Sif Muna
Trog
Vehumet
Xom
Yredelemnul
Zin
The Shining One


Innate Abilities, Weirdness & Mutations

You reflexively headbutt those who attack you in melee.
You have a pair of horns on your head.


Message History

Something hits you but does no damage. Something bites you but does no damage.
Unknown command.
Unknown command.
You hit something. Something hits you but does no damage. Something bites you.
Something draws strength from your injuries!
Unknown command.
Unknown command.
You miss something. Something hits you. Something bites you but does no damage.
Unknown command.
You slash something! Your headbutt misses something.
An adder comes into view.
Something hits you! Something bites you.
Something draws strength from your injuries!
The adder hisses angrily.
You slash something!
Unholy energy fills the air.
* * * LOW HITPOINT WARNING * * *
You closely miss something. Something hits you.
* * * LOW HITPOINT WARNING * * *
Something bites you!
You die...

##?.# ... ...
###... ...
...... ## #.#
######
##..###.#
#...S...# .
###.{@#####.#
..
#.....<.....#
#.
#(...#...#####
.. #....#.....
.. #...
#...### ..###
..#.# . .?##..
.. ... ..# ###


You could see an adder.

Vanquished Creatures
  Menkaure (D:5)
  A sky beast (D:5)
  An ogre (D:3)
  A bullfrog (D:5)
  A scorpion (D:4)
  2 vampire bats (D:3)
  A crimson imp (D:5)
  A bullfrog zombie (D:5)
  A centaur skeleton (D:4)
  An orc priest (D:2)
  2 orc wizards (D:4)
  Terence (D:3)
  A worker ant (D:4)
  A howler monkey zombie (D:5)
  4 adders
  2 river rats (D:4)
  4 worms
  5 dart slugs
  4 leopard geckos
  14 orcs
  8 ball pythons
  9 giant cockroaches
  8 goblins
  5 hobgoblins
  12 jackals
  3 quokkas
  12 bats
  8 frilled lizards
  13 kobolds
  A quokka skeleton (D:4)
  A quokka zombie (D:5)
  13 rats
  A fungus (D:1)
  5 plants (Sewer)
148 creatures vanquished.

Vanquished Creatures (others)
  A leopard gecko (D:3)
1 creature vanquished.

Grand Total: 149 creatures vanquished

Notes
Turn   | Place    | Note
-------+----------+-------------------------------------------
     0 | D:1      | 1994 the Minotaur Gladiator began the quest for the Orb.
     0 | D:1      | Reached XP level 1. HP: 18/18 MP: 0/0
   239 | D:1      | Reached skill level 4 in Axes
   239 | D:1      | Reached XP level 2. HP: 21/25 MP: 1/1
  1178 | D:1      | Reached XP level 3. HP: 15/31 MP: 2/2
  1502 | D:2      | Reached skill level 5 in Axes
  1502 | D:2      | Reached XP level 4. HP: 26/39 MP: 3/3
  1697 | D:2      | Found a shadowy altar of Dithmenos.
  1864 | D:2      | Found a basalt altar of Yredelemnul.
  1865 | D:2      | Found a shimmering blue altar of Sif Muna.
  2169 | D:2      | Found a sacrificial altar of Ru.
  2255 | D:2      | You fall into a shaft and drop 1 floor!
  2271 | D:3      | Found a radiant altar of Vehumet.
  2401 | D:3      | Found an opulent altar of Gozag.
  2456 | D:3      | Reached skill level 6 in Axes
  2470 | D:3      | Reached XP level 5. HP: 45/46 MP: 4/4
  2676 | D:3      | Noticed an ogre
  2700 | D:3      | Killed an ogre
  2700 | D:3      | Reached skill level 7 in Axes
  2700 | D:3      | Reached XP level 6. HP: 52/55 MP: 5/5
  2905 | D:3      | Noticed Terence
  2907 | D:3      | Killed Terence
  2907 | D:3      | Reached skill level 5 in Fighting
  3233 | D:4      | Found a staircase to the Ecumenical Temple.
  3249 | Temple   | Entered the Ecumenical Temple
  3315 | D:4      | Reached skill level 8 in Axes
  3473 | D:4      | Reached XP level 7. HP: 53/61 MP: 6/6
  3507 | D:4      | Found a glowing drain.
  3519 | Sewer    | Entered a sewer
  4713 | D:5      | Entered Level 5 of the Dungeon
  4840 | D:5      | Reached skill level 1 in Armour
  4950 | D:5      | Found a snail-covered altar of Cheibriados.
  5264 | D:5      | Noticed Menkaure
  5280 | D:5      | Killed Menkaure
  5551 | D:5      | Reached skill level 5 in Armour
  5657 | D:6      | Noticed a vampire
  5668 | D:6      | HP: 2/62 [something (2)]
  5668 | D:6      | Mangled by a vampire

Illustrated notes

Levels and vault maps discovered:
D:1:      dpeg_cavernosity, layout_basic
D:2:      layout_basic, marbit_many_paths, lemuel_crystal_altar, minitemple,
          serial_curves, eino_curves_04, eino_curves_02
D:3:      layout_rooms, grunt_gozag_breadcrumbs, fiery_altar_vehumet,
          first_ration, roderic_batcave, uniq_terence
D:4:      layout_gridville, temple_pool_b, portal_sewer_entry_e,
          kennysheep_generic_room_10
D:5:      layout_basic, kennysheep_slug_shrine, uniq_menkaure
D:6:      layout_loops_ring, lemuel_doored_altar, lemuel_round_altar,
          serial_shops, shop_fountains, minmay_bent
Temple:   cyrus_circular_temple

Skill      XL: |  1  2  3  4  5  6  7 |
---------------+----------------------+-----
Axes           | 4 5 6 7 8 |  8.4
Fighting       | 3 4 5 |  5.7
Armour         | 5 |  5.5
Throwing       | |  2.0
Dodging        | |  3.2

Action                   |  1- 3 |  4- 6 |  7- 9 || total
-------------------------+-------+-------+-------++-------
Melee: War axe           |    55 |   123 |   172 ||   350
       Headbutt          |     5 |    22 |    37 ||    64
Throw: Dart              |       |     6 |     3 ||     9
  Use: Scroll            |       |       |     7 ||     7
  Eat: Chunk             |     2 |     6 |     4 ||    12
       Ration            |       |       |     1 ||     1
Armor: Leather armour    |     9 |       |       ||     9
       Ring mail         |       |    65 |    46 ||   111
Dodge: Dodged            |    32 |    92 |    83 ||   207
